 Dungeon Crawl Stone Soup version 0.20.1-1-g8b1a95d (webtiles) character file.

558563 tidbits the Sensei (level 25, -13/237 HPs)
             Began as an Octopode Assassin on July 4, 2017.
             Was the Champion of Ru.
             Killed by Shatter
             ... invoked by Utemohe the pandemonium lord
              (183 damage)
             ... on level 4 of the Realm of Zot on July 5, 2017.
             The game lasted 07:22:00 (40450 turns).

tidbits the Sensei (Octopode Assassin)             Turns: 40450, Time: 07:22:30

Health: -13/237    AC: 34    Str: 18    XL:     25
Magic:  3/37       EV: 29    Int: 19    God:    Ru [******]
Gold:   3845       SH:  0    Dex: 17    Spells: 9/44 levels left

rFire    + . .     SeeInvis .     - Unarmed
rCold    + . .     Gourm    .   E - +2 hat
rNeg     + + .     Faith    .   R - amulet of regeneration
rPois    ∞         Spirit   .   S - ring of Xycw {+Blink Str+2}
rElec    +         Reflect  .   m - ring of protection from fire
rCorr    .         Harm     .   H - ring of protection from magic
MR       +++..                  V - +3 ring of evasion
Stlth    +++.......             O - ring of protection from magic
Regen    0.0/turn               U - +5 ring of protection
MPRegen  0.3/turn               e - ring of the Locust {+Fly rN+ Str+5}

@: statue-form, hasted
A: almost no armour, stealthy swim, amphibious, 7 rings, constrict 7, camouflage
1, agile 1, cold resistance 1, dopey 1, inhibited regeneration, weak 1, missing
a hand, hated by all, inexperienced 1
0: Orb of Zot
}: 3/15 runes: barnacled, abyssal, gossamer
a: End Transformation, Draw Out Power, Power Leap, Apocalypse, Renounce
Religion, Evoke Blink, Evoke Flight


You were on level 4 of the Realm of Zot.
You worshipped Ru.
Ru was exalted by your worship.
You were not hungry.
You were a stone statue.
You visited 8 branches of the dungeon, and saw 45 of its levels.
You visited the Abyss 1 time.
You also visited: Wizlab.

You collected 6044 gold pieces.
You spent 2199 gold pieces at shops.

Inventory:

Hand Weapons
 b - a +5 dagger of electrocution
   (You took it off a kobold on level 1 of the Dungeon)
Missiles
 n - 9 throwing nets {!f}
 v - 54 javelins (quivered)
Armour
 E - a +2 hat (worn)
Jewellery
 e - the ring of the Locust (on tentacle) {+Fly rN+ Str+5}
   (You took it off a frost giant on level 2 of the Depths)

   [ring of flight]

   It affects your strength (+5).
   It protects you from negative energy.
   It lets you fly.
 l - an uncursed ring of protection from cold
   (You found it on level 15 of the Dungeon)
 m - a ring of protection from fire (right tentacle)
   (You took it off a frost giant on level 2 of the Depths)
 H - a ring of protection from magic (on tentacle)
   (You found it on level 6 of the Dungeon)
 I - an uncursed ring of see invisible
   (You found it on level 4 of the Dungeon)
 O - a ring of protection from magic (on tentacle)
   (You found it on level 1 of the Spider Nest)
 R - an amulet of regeneration (around mantle)
   (You found it on level 15 of the Dungeon)
 S - the ring of Xycw (left tentacle) {+Blink Str+2}
   (You found it on level 2 of the Spider Nest)

   [ring of strength]

   It affects your strength (+2).
   It lets you blink.
 U - a +5 ring of protection (on tentacle)
   (You found it on level 1 of the Spider Nest)
 V - a +3 ring of evasion (on tentacle)
   (You took it off a wizard on level 3 of the Depths)
 W - an uncursed ring of resist corrosion
   (You found it on level 5 of the Realm of Zot)
Wands
 c - a wand of acid (4/15)
 d - a wand of digging (0/24)
 w - a wand of scattershot (5/9)
 y - a wand of lightning (4/15)
 A - a wand of clouds (5/9)
 K - a wand of disintegration (9/24)
 L - a wand of flame (23/48)
 N - a wand of paralysis (13/24)
 Q - a wand of iceblast (6/15)
Scrolls
 a - 9 scrolls of immolation
 f - 5 scrolls of fog
 i - 10 scrolls of identify
 k - 3 scrolls of silence
 r - 23 scrolls of remove curse
 s - 4 scrolls of magic mapping
 t - 12 scrolls of teleportation
 u - 3 scrolls of fear
 G - 2 scrolls of recharging
 Y - 2 scrolls of blinking
Potions
 g - a potion of resistance
 j - 5 potions of mutation {!q}
 o - 4 potions of magic
 p - 2 potions of agility
 q - 20 potions of curing
 x - 5 potions of heal wounds
 z - 6 potions of brilliance
 C - 4 potions of cancellation
 D - 6 potions of haste
 J - 3 potions of flight
 M - 6 potions of ambrosia
 P - 6 potions of might
 T - 2 potions of berserk rage
 Z - 2 potions of invisibility
Books
 F - a book of Air
   (You found it on level 5 of the Realm of Zot)

   Spells                             Type                      Level
   a - Shock                          Conjuration/Air              1
   b - Swiftness                      Charms/Air                   2
   c - Static Discharge               Conjuration/Air              3
   d - Airstrike                      Air                          4
   e - Lightning Bolt                 Conjuration/Air              5
Miscellaneous
 B - a lightning rod (4/4)
 X - a lamp of fire
Comestibles
 h - 8 meat rations


   Skills:
 - Level 18.0 Fighting
 - Level 2.0(4.5) Short Blades
   Level 6.5(6.7) Long Blades
 - Level 2.0 Throwing
 - Level 17.4 Dodging
 - Level 19.0 Stealth
 - Level 22.5 Unarmed Combat
 - Level 10.0 Spellcasting
 - Level 8.3 Conjurations
 - Level 2.0 Hexes
 - Level 2.0 Necromancy
 - Level 8.8 Translocations
 + Level 15.8 Transmutations
 + Level 14.0 Earth Magic
 - Level 9.5 Evocations


You had 9 spell levels left.
You knew the following spells:

 Your Spells              Type           Power        Failure   Level  Hunger
a - Apportation           Tloc           #####.       1%          1    None
i - Stone Arrow           Conj/Erth      ######       1%          3    None
l - Lesser Beckoning      Tloc           #####.....   1%          3    None
s - Statue Form           Tmut/Erth      ######...    2%          6    ######.
t - Confusing Touch       Hex            ###...       3%          1    None
w - Passwall              Tmut/Erth      ######....   1%          2    None
y - Hydra Form            Tmut           ######....   1%          6    ######.
P - Passage of Golubria   Tloc           N/A          1%          4    ##.....
R - Irradiate             Conj/Tmut      ######....   1%          5    #####..
W - Swiftness             Chrm/Air       #.......     11%         2    None
Z - Sublimation of Blood  Necr           ###.......   4%          2    None


Dungeon Overview and Level Annotations

Branches:
Dungeon (15/15)            Temple (0/1) D:5            Lair (6/6) D:10
 Shoals (4/4) Lair:4       Spider (4/4) Lair:3        Slime (0/5) Lair:5
    Orc (2/2) D:12            Elf (0/3) Orc:2        Vaults (4/5) D:14
  Crypt (0/3) Vaults:3     Depths (5/5) D:15            Zot (5/5) Depths:5

Altars:
Dithmenos
Elyvilon
Fedhas
Hepliaklqana
Kikubaaqudgha
Qazlal
Ru
Sif Muna
Trog
Vehumet
Xom
Yredelemnul
The Shining One

Shops:
D:4 (   D:5 *   D:6 [%[(   D:8 %%   Orc:2 }*}(   Shoals:1 (   Vaults:1 ?
Depths:5 %

Portals:
Hell: Depths:1 Depths:2 Depths:3 Depths:4 Depths:5
Abyss: Depths:2 Depths:4
Pandemonium: Depths:3
Ziggurat: Depths:5
Trove: D:15 (give 4 potions of resistance)

Annotations:
D:4 lepilou's ghost, novice DrCj
D:8 1 runed door, exclusions: deep troll and door
D:9 ThePrince's ghost, journeyman DrBe


Innate Abilities, Weirdness & Mutations

You cannot wear most types of armour.
You are very stealthy in the water. (Stealth+)
You are amphibious.
You can wear up to seven rings at the same time.
You can use your tentacles to constrict seven enemies at once.
Your skin changes colour to match your surroundings (Stealth+).
You do not regenerate when monsters are visible.
((Your rubbery body absorbs attacks. (AC +1, EV +1)))
You are missing a hand.
You are hated by all.
You are somewhat inexperienced. (-2 XL)
You are agile. (Dex +2)
Your flesh is cold resistant. (rC+)
You are dopey. (Int -2)
You are weak. (Str -2)


Message History

The soul eater is heavily wounded.
You batter the soul eater!!
You kill the soul eater!
A gelid demonspawn, a blood saint and a warmonger come into view.
Evoke which item? (* to show all) (? for menu, Esc to quit)
Okay, then.
Unknown command.
Evoke which item? (* to show all) (? for menu, Esc to quit)
Aiming: Dig
Press: ? - help, Shift-Dir - straight line, f - you The rock shatters into small pieces.
This wand has 0 charges left.
Something hits you.
You feel your power leaking away.
Unknown command.
You hear a distant "Zot"!
The gelid demonspawn moves out of view.
You hear a distant "Zot"!
Something hits you!
You feel your power leaking away.
The monstrous warmonger begins to pray, but is stunned by your will!
Something closely misses you. Something closely misses you.
An electric golem comes into view.
Casting: Statue Form
Confirm with . or Enter, or press ? or * to list all spells.
Which direction?
Something hits you!
You feel your power leaking away.
You begin to meditate on the wall.
You continue meditating on the rock.
The monstrous warmonger completely misses you.
The monstrous warmonger claws you.
The monstrous warmonger gores you but does no damage.
You continue meditating on the rock.
You hear a distant "Zot"!
The monstrous warmonger calls upon its god to speed up the infernal blood saint.
The infernal blood saint seems to speed up.
You finish merging with the rock.
A chaos spawn comes into view.
Unknown command.
The electric golem misses you. x2
The electric golem hits you but does no damage.
The electric golem hits you. The electric golem closely misses you.
The electric golem hits you but does no damage.
The electric golem barely misses you.
The electric golem completely misses you.
You bludgeon the electric golem!
The electric golem is lightly damaged.
The electric golem begins to attack, but is stunned by your will!
A smoke demon comes into view.
The electric golem completely misses you.
The electric golem hits you but does no damage.
The electric golem closely misses you.
The electric golem hits you but does no damage.
The electric golem misses you.
The electric golem completely misses you. x5
The electric golem misses you. x2; The chaos spawn closely misses you.
Utemohe hits you but does no damage.
Utemohe comes into view.
You don't have enough magic at the moment.
You feel yourself speed up. The electric golem barely misses you.
The electric golem closely misses you.
The electric golem completely misses you. x2
Utemohe hits you! The smoke demon gestures at you. Something smites you!
You focus your will and paralyse the smoke demon in retribution!
The electric golem hits you but does no damage. x2
The electric golem barely misses you.
The electric golem completely misses you.
The chaos spawn is stunned by your will and fails to attack.
Utemohe begins to attack, but is stunned by your will!
The monstrous warmonger calls upon its god to speed up the gelid demonspawn.
The gelid demonspawn seems to speed up.
The electric golem hurls lightning at you.
The bolt of lightning hits you! You resist.
You focus your will and blind the electric golem in retribution!
You redirect the electric golem's attack!
The electric golem barely misses the chaos spawn.
The electric golem completely misses the chaos spawn.
The electric golem hits the chaos spawn but does no damage.
The electric golem closely misses the chaos spawn.
Utemohe completely misses you.
There is a stone staircase leading up here.
Unknown command.
Utemohe barely misses you.
The gelid demonspawn closely misses you.
The chaos spawn misses you. Utemohe closely misses you.
You climb upwards.
The teleport trap disappears.
The chaos spawn disappears!
The white draconian roars!
There is a stone staircase leading down here.
Unknown command.
Unknown command.
The moth of wrath's fur bristles in rage as it notices you.
You thrash Utemohe!!!
Utemohe is moderately wounded.
Utemohe gestures.
The dungeon rumbles around Utemohe!
You shudder from the earth-shattering force.
Ouch! That really hurt!
You die...

*,,,,,,,,,,* *,,,,,,,,,,*******
**** *,,,,,,,,,,+,,,,,* *** *,,,
*,,,,,,,,,,***,,,****,*
#####*,** *,,⌠,,,,,,,*
*,*,,,,,,**#...,*,* *,,,,,,,,,,*
*,******,,##.##,,,*
*,,,,,,**#+###+### **##...##*+**
******+*,........# ##⌠...⌠##,,,
*****,*,...d...8#####.......#,,,
*,,,,,*,......&.......<.⌠.<.#,,,
*,*****,........#####..)....#,,,
*,* *,....y...# ##⌠.<.⌠##,,,
*,*****,........# ##...##,,,,
*,,,,,+,........# #####,,,,,
*******,........# ***+****
**###+##### *,,,,,,, *,*
*,,,,,,,


You could see Utemohe, a white draconian and a moth of wrath.

Vanquished Creatures
  3 orbs of fire (Zot:5)
  Mara (Depths:3)
  3 juggernauts
  4 ancient liches
  Boris (Vaults:4)
  Margery (Depths:3)
  Frederick (Depths:3)
  4 Killer Klowns
  Saint Roka (Vaults:3)
  2 caustic shrikes
  Nikola (Depths:1)
  7 golden dragons
  Jory (Vaults:2)
  2 bone dragons
  Jorgrun (Vaults:2)
  10 tentacled monstrosities
  22 Orb Guardians (Zot:5)
  5 liches
  4 titans
  A quicksilver dragon (Depths:2)
  An ancient champion (WizLab)
  5 sphinxes
  Polyphemus (Shoals:4)
  2 death cobs (Zot:5)
  4 shadow dragons
  4 tentacled starspawn
  Kirke (Lair:4)
  Roxanne (Spider:4)
  3 tengu reavers
  3 draconian monks
  3 storm dragons
  Ilsuiw (Shoals:4)
  9 fire giants
  A daeva (Abyss:2)
  2 iron dragons
  7 ghost moths
  2 draconian knights
  14 vault wardens
  16 frost giants
  A deep elf sorcerer (Depths:3)
  A draconian scorcher (Zot:5)
  3 emperor scorpions
  A ghoul (Vaults:2)
  2 draconian stormcallers
  An angel (Abyss:3)
  3 spriggan defenders
  A draconian shifter (Zot:5)
  18 ironheart preservers
  4 entropy weavers
  3 ophanim
  A draconian annihilator (Zot:1)
  10 very ugly things
  19 stone giants
  A deep elf demonologist (Depths:3)
  2 vampire knights (Depths:2)
  Nessos (Lair:4)
  A yellow draconian (Zot:4)
  3 green draconians
  7 white draconians
  3 black draconians
  4 deep elf annihilators
  6 red draconians
  7 spark wasps
  A dire elephant (Lair:6)
  A purple draconian (Zot:5)
  7 merfolk javelineers
  A blizzard demon (Abyss:1)
  A crystal guardian (Vaults:3)
  7 fire dragons
  The ghost of Agrougrou the Cleaver, a journeyman DsFi of Okawaru (D:14)
  A green death (Zot:5)
  8 ettins
  7 merfolk impalers
  Josephine (Lair:4)
  8 great orbs of eyes
  9 rakshasas
  5 vault guards
  13 ice dragons
  11 yaktaur captains
  7 hydras
  5 spriggan air magi
  An ice dragon (shapeshifter) (Depths:3)
  An alligator snapping turtle (Shoals:3)
  Erica (D:11)
  Erolcha (D:11)
  4 merfolk avatars
  2 catoblepae
  12 centaur warriors
  6 merfolk aquamancers
  2 death knights
  3 dancing weapons (Abyss:3)
  33 two-headed ogres
  A satyr (Shoals:2)
  15 death yaks
  8 death scarabs (Spider:4)
  4 tengu warriors
  11 ogre magi
  13 spriggan berserkers
  2 vampire magi
  8 deep troll shamans
  8 deep troll earth magi
  8 thrashing horrors
  4 deep elf knights (Vaults:3)
  7 wretched stars
  A sun demon (Abyss:3)
  A storm dragon zombie (Abyss:3)
  6 hell knights (Depths:3)
  A soul eater (Zot:5)
  3 shadow wraiths
  A sixfirhy (Abyss:2)
  A fire crab (shapeshifter) (Depths:4)
  2 spatial maelstroms
  23 deep trolls
  6 glowing orange brains
  10 sea snakes
  2 unseen horrors
  3 iron trolls
  A glowing orange brain (shapeshifter) (Depths:3)
  7 skeletal warriors (WizLab)
  4 flayed ghosts
  2 cherubim (Abyss:3)
  7 spectral wolf spiders (Spider:4)
  5 deep elf archers
  7 wizards
  20 starcursed masses
  An anaconda skeleton (Abyss:3)
  7 necromancers
  2 phantasmal warriors
  A wolf spider zombie (Spider:4)
  4 harpies
  21 wolf spiders
  10 orc knights
  14 ironbrand convokers
  25 ugly things
  15 orb spiders
  14 manticores
  4 orc sorcerers
  8 fauns
  9 cyclopes
  14 deep elf magi
  A manticore (shapeshifter) (Depths:4)
  7 merfolk sirens
  10 moths of wrath
  A naga mage (Abyss:2)
  2 worldbinders (Abyss:1)
  A black mamba (Lair:6)
  Maurice (D:11)
  3 smoke demons (Abyss:3)
  A black mamba (shapeshifter) (Depths:3)
  2 elephants (Lair:6)
  2 centaur zombies
  A torpor snail (Spider:3)
  An orange demon (Abyss:1)
  13 spiny frogs
  14 vault sentinels
  4 water nymphs
  2 guardian serpents (Abyss:2)
  An eye of devastation (Lair:5)
  2 gargoyles (D:14)
  A spiny frog (shapeshifter) (Vaults:3)
  7 komodo dragons
  12 demonic crawlers
  2 efreet
  2 yaktaurs (shapeshifter)
  50 yaktaurs
  3 spectral redbacks (Spider:4)
  A kobold demonologist (Abyss:1)
  5 rime drakes
  9 ancient zymes
  An ice devil (Abyss:1)
  8 freezing wraiths
  3 redback zombies (Spider:4)
  3 hellwings
  5 trolls
  A queen bee (shapeshifter) (Vaults:2)
  35 merfolk
  4 tengu conjurers (Depths:5)
  21 jumping spiders
  A polar bear (shapeshifter) (Depths:2)
  4 polar bears
  8 wind drakes
  2 tengu simulacra
  A tarantella zombie (Spider:4)
  A harpy skeleton (D:15)
  A slime creature (shapeshifter) (Depths:3)
  2 spectral jumping spiders (Spider:4)
  9 raiju
  16 hornets
  9 large abominations
  29 slime creatures
  5 spectral tarantellas (Spider:4)
  A sphinx simulacrum (Vaults:3)
  12 blink frogs
  9 dream sheep
  2 dream sheep (shapeshifter)
  13 snapping turtles
  15 hippogriffs
  Sigmund (D:3)
  A centaur simulacrum (D:15)
  5 flying skulls (Abyss:3)
  8 spriggans
  40 tarantellas
  6 wraiths
  4 air elementals
  20 yaks
  7 ynoxinuls
  11 water elementals
  5 vampires
  5 wyverns
  2 hogs (Lair:4)
  2 basilisks
  81 redbacks
  A golden eye (shapeshifter) (Depths:1)
  A human (shapeshifter) (Depths:2)
  20 humans
  4 vampire mosquitoes (D:14)
  A fire elemental (Abyss:2)
  2 hungry ghosts (D:8)
  8 neqoxecs
  2 chaos spawn
  Menkaure (D:4)
  6 wargs
  7 spatial vortices (Abyss:1)
  5 acid dragons
  A naga (Abyss:2)
  Edmund (D:6)
  8 water moccasins
  A water moccasin (shapeshifter) (D:15)
  12 porcupines
  4 floating eyes
  27 orc warriors
  2 sky beasts
  3 black bears
  A hornet zombie (Spider:4)
  2 eyes of draining
  5 ice beasts
  A phantom (D:13)
  A necrophage (D:14)
  6 wolves (Lair:2)
  11 boggarts
  50 ogres
  17 centaurs
  A crocodile (shapeshifter) (Depths:3)
  15 crocodiles
  2 big kobolds
  14 bullfrogs
  9 small abominations
  A hornet simulacrum (D:15)
  A water moccasin skeleton (D:8)
  4 scorpions
  7 troll zombies (WizLab)
  17 killer bees
  A howler monkey (D:7)
  13 wights
  5 electric eels
  5 crimson imps
  A bullfrog zombie (D:11)
  A jelly (D:8)
  2 quasits
  7 centaur skeletons
  14 orc priests
  10 hounds
  Crazy Yiuf (D:2)
  2 iron imps
  29 orc wizards
  Terence (D:3)
  5 iguanas
  Natasha (thrice) (D:2)
  11 worker ants
  A killer bee zombie (D:10)
  4 ogre zombies (WizLab)
  A gnoll (D:2)
  10 adders
  7 shadow imps
  19 white imps
  An ufetubus (Abyss:1)
  2 oozes
  An adder zombie (D:8)
  4 dart slugs
  5 leopard geckos
  90 orcs
  10 bats
  7 giant cockroaches
  7 goblins
  11 hobgoblins
  9 jackals
  23 kobolds
  6 quokkas
  A frilled lizard (D:3)
  A jackal skeleton (D:8)
  An orc skeleton (Abyss:1)
  A quokka skeleton (D:4)
  A quokka zombie (D:6)
  12 rats
  A bush (D:15)
  A fungus (Lair:6)
  2 plants
  4 starspawn tentacles
1985 creatures vanquished.

Vanquished Creatures (others)
  An electric golem (Zot:4)
  A lich (Depths:4)
  A storm dragon (Depths:5)
  An emperor scorpion (Spider:4)
  2 stone giants
  2 spark wasps
  A yellow draconian (Depths:5)
  A green death (Abyss:3)
  An ettin (Depths:1)
  An ogre mage (Orc:2)
  A rakshasa (D:14)
  A merfolk aquamancer (Shoals:4)
  A satyr (Shoals:4)
  A death yak (Lair:5)
  A skeletal warrior (WizLab)
  A deep troll (Depths:4)
  2 ironbrand convokers
  A wizard (Depths:1)
  A wolf spider (Spider:2)
  An ugly thing (Vaults:1)
  2 harpies (Shoals:4)
  An elephant (Lair:6)
  A merfolk siren (Shoals:2)
  A guardian serpent (shapeshifter) (Vaults:3)
  3 yaktaurs
  2 trolls
  A hornet (Lair:6)
  A slime creature (D:12)
  A redback (Spider:3)
  A water elemental (Depths:2)
  3 tarantellas
  A yak (Lair:5)
  A chaos spawn (Abyss:1)
  A warg (Vaults:2)
  A small abomination (Abyss:1)
  An ogre (Orc:2)
  A wolf (Lair:2)
  A howler monkey (D:14)
  An orc (D:10)
  A bush (Lair:5)
  10 fungi
  2 lurking horrors (Abyss:1)
  18 plants
  11 starspawn tentacles
90 creatures vanquished.

Grand Total: 2075 creatures vanquished

Notes
Turn   | Place    | Note
-------+----------+-------------------------------------------
     0 | D:1      | tidbits the Octopode Assassin began the quest for the Orb.
     0 | D:1      | Reached XP level 1. HP: 14/14 MP: 1/1
   128 | D:1      | Reached XP level 2. HP: 20/20 MP: 2/2
   237 | D:2      | Found a sacrificial altar of Ru.
   249 | D:2      | Reached skill level 3 in Fighting
   372 | D:2      | Became a worshipper of Ru the Awakened
   461 | D:1      | Reached XP level 3. HP: 25/26 MP: 3/3
   685 | D:1      | Reached skill level 2 in Dodging
  1072 | D:3      | Noticed Sigmund
  1075 | D:3      | Killed Sigmund
  1075 | D:3      | Reached skill level 4 in Dodging
  1075 | D:3      | Reached XP level 4. HP: 31/31 MP: 4/4
  1075 | D:3      | Reached XP level 5. HP: 36/36 MP: 5/5
  1115 | D:3      | Reached XP level 6. HP: 38/42 MP: 6/6
  1173 | D:3      | Gained mutation: You are hated by all. [Ru sacrifice]
  1173 | D:3      | Reached * piety under Ru
  1274 | D:3      | Noticed Terence
  1284 | D:3      | Killed Terence
  1331 | D:4      | Noticed Menkaure
  1336 | D:4      | Killed Menkaure
  1336 | D:4      | Reached skill level 4 in Fighting
  1360 | D:4      | Found a radiant altar of Vehumet.
  1401 | D:4      | Found a white marble altar of Elyvilon.
  1407 | D:4      | Found Gycaynt's Antique Weapon Emporium.
  1435 | D:4      | Reached skill level 5 in Fighting
  1446 | D:4      | Reached XP level 7. HP: 50/50 MP: 7/7
  1596 | D:5      | Entered Level 5 of the Dungeon
  1616 | D:5      | Reached skill level 6 in Fighting
  1655 | D:5      | Found Hiej Jen's General Store.
  1664 | D:5      | Bought a scroll of identify for 24 gold pieces
  1665 | D:5      | Gained mutation: Your body sometimes deteriorates upon taking damage. [potion of mutation]
  1665 | D:5      | Gained mutation: You are partially covered in iridescent scales. (AC +2) [potion of mutation]
  1702 | D:5      | Reached skill level 6 in Stealth
  1767 | D:5      | Reached skill level 7 in Stealth
  1782 | D:5      | Reached XP level 8. HP: 34/57 MP: 8/8
  1914 | D:4      | Reached skill level 8 in Stealth
  1950 | D:4      | Noticed lepilou's ghost (novice DrCj)
  2004 | D:5      | Found a staircase to the Ecumenical Temple.
  2102 | D:5      | Reached skill level 9 in Stealth
  2315 | D:7      | Reached skill level 10 in Stealth
  2509 | D:6      | Reached skill level 11 in Stealth
  2720 | D:6      | Noticed Edmund
  2723 | D:6      | Found Ivywejuh's Food Boutique.
  2728 | D:6      | Killed Edmund
  2744 | D:6      | Gained mutation: You do not regenerate when monsters are visible. [Ru sacrifice]
  2744 | D:6      | Reached ** piety under Ru
  2803 | D:6      | Reached skill level 12 in Stealth
  2803 | D:6      | Reached XP level 9. HP: 41/62 MP: 9/9
  2804 | D:6      | Found Ganoor's Antique Armour Shoppe.
  2813 | D:6      | Found Notsy's Antique Armour Shoppe.
  3011 | D:6      | Reached skill level 5 in Dodging
  3174 | D:4      | Found a deep blue altar of Sif Muna.
  3202 | D:4      | Reached skill level 6 in Dodging
  3445 | D:3      | Found a stormy altar of Qazlal.
  3522 | D:2      | Noticed Natasha
  3527 | D:2      | Killed Natasha
  3563 | D:2      | Noticed Natasha
  3565 | D:2      | Killed Natasha
  3721 | D:2      | Found a runed door.
  3725 | D:2      | Noticed Crazy Yiuf
  3729 | D:2      | Killed Crazy Yiuf
  3841 | D:2      | Found a shimmering altar of Xom.
  3843 | D:2      | Noticed Natasha
  3849 | D:2      | Killed Natasha
  4209 | D:6      | Found Ducvymink's Antique Weapon Boutique.
  4376 | D:7      | Reached skill level 7 in Fighting
  4466 | D:8      | Found a runed door.
  4466 | D:8      | Noticed a deep troll
  4466 | D:8      | Noticed a deep elf archer
  4478 | D:8      | Noticed an orc knight
  4478 | D:8      | Noticed a centaur warrior
  4531 | D:8      | Reached skill level 8 in Fighting
  4702 | D:8      | Found Inaiw's Food Emporium.
  4813 | D:8      | Gained mutation: You are somewhat inexperienced. (-2 XL) [Ru sacrifice]
  4813 | D:8      | Reached XP level 8. HP: 62/62 MP: 8/8
  4813 | D:8      | Reached XP level 7. HP: 56/56 MP: 7/7
  4813 | D:8      | Reached *** piety under Ru
  4813 | D:8      | Reached **** piety under Ru
  4849 | D:8      | Reached skill level 1 in Evocations
  4849 | D:8      | Reached XP level 8. HP: 62/62 MP: 7/9
  4904 | D:7      | Noticed a hippogriff
  4906 | D:7      | Reached skill level 2 in Evocations
  4915 | D:7      | Killed a hippogriff
  4915 | D:7      | Reached skill level 3 in Evocations
  4928 | D:7      | Reached skill level 4 in Evocations
  5172 | D:4      | Bought a glowing demon blade for 360 gold pieces
  5261 | D:7      | Noticed a spriggan baker
  5263 | D:7      | Killed a spriggan baker
  5263 | D:7      | Reached skill level 1 in Long Blades
  5443 | D:7      | Reached skill level 2 in Long Blades
  5525 | D:8      | Reached XP level 9. HP: 45/67 MP: 12/12
  5621 | D:8      | Reached skill level 3 in Long Blades
  5633 | D:8      | Found Istre's Food Emporium.
  5717 | D:8      | Found a hazy altar of Hepliaklqana.
  5773 | D:8      | Reached skill level 4 in Long Blades
  5817 | D:9      | Reached skill level 5 in Long Blades
  5902 | D:9      | Noticed ThePrince's ghost (journeyman DrBe)
  6214 | D:10     | Entered Level 10 of the Dungeon
  6294 | D:10     | Found a staircase to the Lair.
  6366 | D:9      | Noticed a seven-headed hydra
  6665 | D:9      | Reached skill level 6 in Long Blades
  6670 | D:9      | Gained mutation: You are missing a hand. [Ru sacrifice]
  6670 | D:9      | Reached ***** piety under Ru
  6670 | D:9      | Reached ****** piety under Ru
  6778 | D:9      | Found a shadowy altar of Dithmenos.
  6818 | D:9      | Reached XP level 10. HP: 57/73 MP: 13/13
  6935 | D:10     | Noticed a two-headed ogre
  6952 | D:10     | Killed a two-headed ogre
  6952 | D:10     | Reached skill level 9 in Fighting
  6952 | D:10     | Reached skill level 7 in Dodging
  7133 | Lair:1   | Entered Level 1 of the Lair of Beasts
  7459 | Lair:1   | Noticed a spiny frog
  7470 | Lair:1   | Killed a spiny frog
  7684 | Lair:2   | Reached skill level 8 in Dodging
  7823 | Lair:1   | Noticed a spiny frog
  7825 | Lair:1   | Killed a spiny frog
  7915 | Lair:2   | Noticed a spiny frog
  7924 | Lair:2   | Killed a spiny frog
  8012 | Lair:2   | Reached skill level 10 in Fighting
  8267 | Lair:3   | Reached XP level 11. HP: 81/81 MP: 14/14
  8323 | Lair:3   | Noticed a six-headed hydra
  8346 | Lair:3   | Found a hole to the Spider Nest.
  8346 | Lair:3   | Noticed an orb spider
  8382 | Lair:3   | Learned a level 6 spell: Statue Form
  8442 | Lair:3   | Reached skill level 1 in Transmutations
  8442 | Lair:3   | Reached skill level 1 in Earth Magic
  8511 | Lair:3   | Reached skill level 2 in Transmutations
  8511 | Lair:3   | Reached skill level 2 in Earth Magic
  8621 | Lair:3   | Reached skill level 3 in Earth Magic
  8625 | Lair:3   | Reached skill level 3 in Transmutations
  8721 | Lair:4   | Noticed Nessos
  8810 | Lair:4   | Reached skill level 4 in Transmutations
  8819 | Lair:4   | Reached skill level 4 in Earth Magic
  8924 | Lair:4   | Noticed Kirke
  8956 | Lair:4   | Noticed an eight-headed hydra
  9033 | Lair:4   | Noticed Josephine
  9222 | D:11     | Noticed Erica
  9278 | D:10     | Noticed an unseen horror
  9291 | D:10     | Killed an unseen horror
  9332 | D:10     | Reached skill level 5 in Transmutations
  9381 | D:10     | Noticed a two-headed ogre
  9508 | D:11     | Reached skill level 5 in Earth Magic
  9599 | D:12     | Found Aphoshrakku's Distillery.
  9631 | D:12     | Bought a potion of invisibility for 144 gold pieces
  9631 | D:12     | Bought a potion of degeneration for 18 gold pieces
  9652 | D:12     | Noticed a red ugly thing
  9704 | D:12     | Noticed a manticore
  9711 | D:12     | Killed a manticore
  9747 | D:12     | Noticed a deep elf mage
  9756 | D:12     | Killed a deep elf mage
  9756 | D:12     | Reached skill level 6 in Transmutations
  9782 | D:12     | Found a staircase to the Orcish Mines.
  9796 | D:11     | Noticed a two-headed ogre
  9798 | D:11     | Noticed a manticore
  9799 | D:11     | Killed a two-headed ogre
  9799 | D:11     | Reached XP level 12. HP: 88/88 MP: 15/15
  9802 | D:11     | Reached skill level 6 in Earth Magic
  9839 | D:12     | Paralysed by a hornet for 1 turns
  9889 | D:11     | Noticed Maurice
  9905 | D:11     | Killed Maurice
 10173 | D:11     | Noticed Erolcha
 10174 | D:11     | Killed Erica
 10174 | D:11     | Reached skill level 7 in Transmutations
 10174 | D:11     | Reached skill level 7 in Earth Magic
 10176 | D:11     | Killed Erolcha
 10489 | Orc:1    | Entered Level 1 of the Orcish Mines
 10897 | Orc:2    | Entered Level 2 of the Orcish Mines
 10897 | Orc:2    | Found a staircase to the Elven Halls.
 10963 | Orc:1    | Reached skill level 8 in Earth Magic
 11335 | Orc:2    | Reached skill level 8 in Transmutations
 11358 | Orc:2    | Reached skill level 1 in Spellcasting
 11692 | Orc:2    | Noticed a two-headed ogre
 11712 | Orc:2    | Noticed a two-headed ogre
 11714 | Orc:2    | Noticed a two-headed ogre
 11930 | Orc:2    | Noticed an ogre mage
 11930 | Orc:2    | Noticed a two-headed ogre
 11937 | Orc:2    | Killed an ogre mage
 11937 | Orc:2    | Reached skill level 2 in Spellcasting
 11940 | Orc:2    | Noticed a two-headed ogre
 11943 | Orc:2    | Noticed a two-headed ogre
 11943 | Orc:2    | Noticed a two-headed ogre
 11947 | Orc:2    | Noticed a two-headed ogre
 11948 | Orc:2    | Killed a two-headed ogre
 11948 | Orc:2    | Killed a two-headed ogre
 11948 | Orc:2    | Reached skill level 3 in Spellcasting
 11948 | Orc:2    | Killed a two-headed ogre
 11948 | Orc:2    | Reached skill level 9 in Earth Magic
 11948 | Orc:2    | Reached XP level 13. HP: 77/93 MP: 15/18
 11948 | Orc:2    | Reached skill level 9 in Transmutations
 11948 | Orc:2    | Reached skill level 4 in Spellcasting
 11949 | Orc:2    | Found Kian's General Store.
 11949 | Orc:2    | Found Ciabacw's Weapon Emporium.
 11950 | Orc:2    | Found Ikisupe's Gadget Shoppe.
 11950 | Orc:2    | Found Jaodes's Gadget Boutique.
 11959 | Orc:2    | Noticed an ogre mage
 12800 | Orc:2    | Reached skill level 5 in Spellcasting
 13072 | Orc:2    | Bought a lightning rod (4/4) for 520 gold pieces
 13072 | Orc:2    | Bought a scroll of identify for 26 gold pieces
 13458 | Orc:2    | Killed an ogre mage
 13458 | Orc:2    | Reached skill level 10 in Transmutations
 13458 | Orc:2    | Reached skill level 10 in Earth Magic
 14583 | D:12     | Reached skill level 11 in Transmutations
 14711 | D:14     | Reached skill level 11 in Earth Magic
 14781 | D:15     | Entered Level 15 of the Dungeon
 15172 | D:15     | Found a blossoming altar of Fedhas.
 15180 | D:15     | Reached XP level 14. HP: 99/99 MP: 21/21
 15241 | D:15     | Found a portal to a secret trove of treasure.
 15727 | D:14     | 4 rings so far, i knew floorgod would screw me after granting early statue
 15876 | D:14     | Reached skill level 12 in Transmutations
 15997 | D:14     | Found a gate to the Vaults.
 16061 | D:14     | Reached skill level 12 in Earth Magic
 16093 | D:14     | Noticed Agrougrou's ghost (journeyman DsFi)
 16717 | D:15     | Reached skill level 1 in Unarmed Combat
 16784 | D:15     | Learned a level 1 spell: Apportation
 16786 | D:15     | Learned a level 1 spell: Confusing Touch
 17035 | D:14     | Reached skill level 1 in Hexes
 17035 | D:14     | Reached skill level 1 in Translocations
 17204 | D:12     | Found a hazy altar of Hepliaklqana.
 17278 | D:12     | Reached skill level 2 in Hexes
 17278 | D:12     | Reached skill level 2 in Translocations
 17400 | Lair:1   | Reached skill level 2 in Unarmed Combat
 17545 | Lair:3   | Reached skill level 3 in Unarmed Combat
 17709 | Lair:4   | Reached skill level 4 in Unarmed Combat
 17712 | Lair:4   | Killed Kirke
 17712 | Lair:4   | Reached skill level 5 in Unarmed Combat
 17892 | Lair:4   | Killed Nessos
 17918 | Lair:4   | Found a staircase to the Shoals.
 17926 | Lair:4   | Reached skill level 6 in Unarmed Combat
 17932 | Lair:4   | Killed Josephine
 18140 | Lair:4   | HP: 1/99 [death yak (28)]
 18273 | Lair:4   | Reached skill level 7 in Unarmed Combat
 18347 | Lair:5   | Reached XP level 15. HP: 97/104 MP: 22/22
 18443 | Lair:5   | Found a staircase to the Slime Pits.
 18562 | Lair:5   | Reached skill level 8 in Unarmed Combat
 19013 | Lair:4   | Reached skill level 9 in Unarmed Combat
 19318 | Lair:1   | Learned a level 5 spell: Irradiate
 19325 | Lair:1   | Learned a level 6 spell: Hydra Form
 19431 | Lair:4   | Reached skill level 1 in Conjurations
 19562 | Lair:5   | Reached skill level 2 in Conjurations
 19621 | Lair:6   | Entered Level 6 of the Lair of Beasts
 19975 | Lair:6   | Reached skill level 3 in Conjurations
 20122 | Lair:6   | Reached skill level 4 in Conjurations
 20363 | Lair:6   | Reached skill level 13 in Transmutations
 20472 | Spider:1 | Entered Level 1 of the Spider Nest
 20475 | Spider:1 | Noticed an emperor scorpion
 20598 | Spider:1 | Killed an emperor scorpion
 20598 | Spider:1 | Reached skill level 10 in Unarmed Combat
 20824 | Spider:1 | Reached skill level 6 in Spellcasting
 20887 | Spider:1 | Reached XP level 16. HP: 110/110 MP: 18/25
 21026 | Spider:2 | Reached skill level 11 in Unarmed Combat
 21033 | Spider:2 | Reached skill level 7 in Spellcasting
 21830 | Spider:4 | Entered Level 4 of the Spider Nest
 21902 | Spider:4 | Reached skill level 12 in Unarmed Combat
 22284 | Spider:2 | Reached skill level 13 in Unarmed Combat
 22305 | Spider:2 | You fall through a shaft!
 22525 | Spider:2 | Got a brightly glowing platinum ring
 22527 | Spider:2 | Identified the ring of Xycw {+Blink Str+2} (You found it on level 2 of the Spider Nest)
 22702 | Spider:4 | Learned a level 2 spell: Sublimation of Blood
 22720 | Spider:4 | Noticed Roxanne
 22740 | Spider:4 | Killed Roxanne
 22740 | Spider:4 | Reached skill level 2 in Necromancy
 22741 | Spider:4 | Identified Roxanne's Grimoire of Clay (You took it off Roxanne on level 4 of the Spider Nest)
 22746 | Spider:4 | Learned a level 2 spell: Passwall
 22754 | Spider:4 | Learned a level 3 spell: Stone Arrow
 23161 | Spider:4 | Reached skill level 9 in Dodging
 23203 | Spider:4 | Reached skill level 14 in Unarmed Combat
 23203 | Spider:4 | Reached XP level 17. HP: 116/116 MP: 28/28
 23564 | Spider:4 | Reached skill level 15 in Unarmed Combat
 23575 | Spider:4 | Reached skill level 10 in Dodging
 23580 | Spider:4 | Got a transparent silver ring
 23581 | Spider:4 | Identified the cursed ring of Wishful Thinking {rC+ Str-6 Int+4 Dex-2 SInv} (You found it on level 4 of the Spider Nest)
 23595 | Spider:4 | Got a gossamer rune of Zot
 24093 | D:9      | Reached skill level 5 in Evocations
 24359 | Shoals:1 | Entered Level 1 of the Shoals
 24430 | Shoals:1 | Found Geps's Antique Weapon Emporium.
 24502 | Shoals:1 | Reached skill level 6 in Evocations
 24614 | Shoals:3 | Noticed a kraken
 24749 | Shoals:3 | Reached skill level 7 in Evocations
 24984 | Shoals:2 | Reached skill level 8 in Evocations
 25251 | Shoals:1 | Reached skill level 9 in Evocations
 25439 | Shoals:4 | Entered Level 4 of the Shoals
 25629 | Shoals:4 | Reached XP level 18. HP: 122/122 MP: 29/29
 25633 | Shoals:4 | Noticed Polyphemus
 25643 | Shoals:4 | Killed Polyphemus
 25966 | Shoals:4 | Noticed Ilsuiw
 25998 | Shoals:4 | Killed Ilsuiw
 25998 | Shoals:4 | Reached skill level 11 in Fighting
 25998 | Shoals:4 | Reached skill level 16 in Unarmed Combat
 26251 | Shoals:4 | Got a barnacled rune of Zot
 26411 | Shoals:3 | Reached skill level 11 in Dodging
 27178 | D:12     | Bought a potion of haste for 180 gold pieces
 27178 | D:12     | Bought a potion of curing for 54 gold pieces
 27178 | D:12     | Bought a potion of lignification for 54 gold pieces
 27178 | D:12     | Bought a potion of magic for 144 gold pieces
 27178 | D:12     | Bought 2 potions of lignification for 108 gold pieces
 27178 | D:12     | Bought a potion of invisibility for 144 gold pieces
 27178 | D:12     | Bought a potion of invisibility for 144 gold pieces
 27178 | D:12     | Bought a potion of might for 72 gold pieces
 27178 | D:12     | Bought a potion of curing for 54 gold pieces
 27397 | D:15     | Found a staircase to the Depths.
 27416 | Depths:1 | Entered Level 1 of the Depths
 27469 | Depths:1 | Gained mutation: Your mind is acute. (Int +2) [mutagenic meat]
 27795 | Depths:1 | Noticed Nikola
 27803 | Depths:1 | Reached skill level 17 in Unarmed Combat
 27807 | Depths:1 | Killed Nikola
 27807 | Depths:1 | Reached XP level 19. HP: 131/131 MP: 30/30
 27918 | Depths:1 | Reached skill level 12 in Fighting
 28057 | Depths:1 | Found a gateway to Hell.
 28069 | Depths:1 | Learned a level 3 spell: Lesser Beckoning
 28156 | Depths:1 | Found a glowing golden altar of the Shining One.
 28306 | Vaults:1 | Entered Level 1 of the Vaults
 28316 | Vaults:1 | Reached skill level 3 in Translocations
 28527 | Vaults:2 | Noticed Jorgrun
 28549 | Vaults:2 | Killed Jorgrun
 28571 | Vaults:2 | Noticed Jory
 28578 | Vaults:2 | Killed Jory
 28578 | Vaults:2 | Reached skill level 18 in Unarmed Combat
 28831 | Vaults:3 | Reached skill level 12 in Dodging
 28901 | Vaults:3 | Reached skill level 4 in Translocations
 28955 | Vaults:3 | Found a staircase to the Crypt.
 28955 | Vaults:3 | Found a basalt altar of Yredelemnul.
 28956 | Vaults:3 | Found an ancient bone altar of Kikubaaqudgha.
 29065 | Vaults:3 | Reached skill level 5 in Translocations
 29255 | Vaults:2 | Reached skill level 8 in Spellcasting
 29265 | Vaults:2 | Reached skill level 6 in Translocations
 29289 | Vaults:2 | Learned a level 4 spell: Passage of Golubria
 29325 | Vaults:1 | Found Qimp's Magic Scroll Boutique.
 29328 | Vaults:1 | Bought a scroll of fog for 34 gold pieces
 29328 | Vaults:1 | Bought a scroll of teleportation for 51 gold pieces
 29328 | Vaults:1 | Bought a scroll of identify for 34 gold pieces
 29328 | Vaults:1 | Bought a scroll of identify for 34 gold pieces
 29350 | Vaults:1 | Reached XP level 20. HP: 137/137 MP: 32/32
 29543 | Vaults:1 | Reached skill level 7 in Translocations
 29636 | Vaults:1 | Reached skill level 9 in Spellcasting
 29998 | Vaults:1 | Reached skill level 8 in Translocations
 30415 | Vaults:2 | Reached skill level 10 in Spellcasting
 30603 | Vaults:3 | Noticed Saint Roka
 30666 | Vaults:3 | Killed Saint Roka
 30843 | Vaults:4 | Noticed Boris
 30858 | Vaults:4 | Killed Boris
 30860 | Vaults:4 | Reached skill level 13 in Fighting
 31231 | Vaults:3 | Reached XP level 21. HP: 88/145 MP: 35/35
 31471 | Vaults:3 | Reached skill level 19 in Unarmed Combat
 31645 | Vaults:3 | Found Qawapran's Armour Emporium.
 31704 | Vaults:4 | Reached skill level 14 in Fighting
 32581 | D:14     | Killed Agrougrou's ghost
 33043 | Depths:3 | Noticed Mara
 33052 | Depths:3 | Noticed tidbits's illusion
 33055 | Depths:3 | Killed Mara
 33077 | Depths:3 | Noticed Frederick
 33088 | Depths:3 | Killed Frederick
 33197 | Depths:3 | Reached skill level 15 in Fighting
 33359 | Depths:2 | Reached skill level 20 in Unarmed Combat
 33700 | Depths:2 | Reached XP level 22. HP: 158/158 MP: 36/36
 33894 | Depths:2 | Found a one-way gate to the infinite horrors of the Abyss.
 33946 | Depths:2 | Noticed a golden dragon
 33951 | Depths:2 | Noticed a juggernaut
 33955 | Depths:2 | Killed a golden dragon
 33973 | Depths:2 | Killed a juggernaut
 33973 | Depths:2 | Reached skill level 16 in Fighting
 34032 | Depths:2 | Gained mutation: You are weak. (Str -2) [mutagenic glow]
 34198 | Depths:2 | Identified the ring of the Locust {+Fly rN+ Str+5} (You took it off a frost giant on level 2 of the Depths)
 34224 | Depths:2 | Identified the Volume of Stones and Enchantment
 34427 | Depths:3 | Noticed a golden dragon
 34435 | Depths:3 | Found a one-way gate leading to the halls of Pandemonium.
 34442 | Depths:3 | Killed a golden dragon
 34442 | Depths:3 | Found a bloodstained altar of Trog.
 34443 | Depths:3 | Noticed Margery
 34467 | Depths:3 | Killed Margery
 34495 | Depths:3 | Found a shimmering altar of Xom.
 34496 | Depths:3 | Found a blossoming altar of Fedhas.
 34512 | Depths:3 | Noticed a golden dragon
 34520 | Depths:3 | Killed a golden dragon
 34535 | Depths:3 | Reached skill level 21 in Unarmed Combat
 35013 | Depths:4 | Noticed a caustic shrike
 35016 | Depths:4 | Killed a caustic shrike
 35016 | Depths:4 | Reached skill level 17 in Fighting
 35044 | Depths:4 | Reached skill level 13 in Dodging
 35047 | Depths:4 | Reached XP level 23. HP: 48/168 MP: 29/37
 35378 | Depths:3 | Reached skill level 14 in Dodging
 35687 | Depths:3 | Reached skill level 15 in Dodging
 35906 | Depths:3 | Reached skill level 16 in Dodging
 36030 | Depths:3 | Noticed a golden dragon
 36038 | Depths:3 | Killed a golden dragon
 36061 | Depths:3 | Reached skill level 17 in Dodging
 36151 | Depths:3 | Identified the cursed +0 hand crossbow "Olleomn" {flame, rPois rC- Dex+4 SInv} (You found it on level 3 of the Depths)
 36330 | Depths:5 | Entered Level 5 of the Depths
 36333 | Depths:5 | Reached XP level 24. HP: 175/175 MP: 31/37
 36547 | Depths:5 | Found a magical portal.
 36560 | WizLab   | Entered Zonguldrok's Shrine
 36729 | WizLab   | Noticed an antique lich
 36736 | WizLab   | Killed an antique lich
 36903 | Depths:5 | Found a gateway to a ziggurat.
 36938 | Depths:5 | Noticed a juggernaut
 36948 | Depths:5 | Killed a juggernaut
 37007 | Depths:5 | Noticed a caustic shrike
 37011 | Depths:5 | Killed a caustic shrike
 37011 | Depths:5 | Reached skill level 22 in Unarmed Combat
 37258 | Depths:5 | Found a gate to the Realm of Zot.
 37365 | Depths:5 | Found Vugoko Ludgh's Food Shop.
 37505 | Depths:4 | Voluntarily entered the Abyss.
 37609 | Abyss:1  | Reached skill level 13 in Stealth
 37682 | Abyss:1  | Found a blossoming altar of Fedhas.
 37856 | Abyss:1  | Gained mutation: Your body often deteriorates upon taking damage. [a neqoxec]
 37858 | Abyss:1  | Lost mutation: You are weak. (Str -2) [potion of mutation]
 37858 | Abyss:1  | Lost mutation: You are partially covered in iridescent scales. (AC +2) [potion of mutation]
 37858 | Abyss:1  | Lost mutation: Your body often deteriorates upon taking damage. [potion of mutation]
 37858 | Abyss:1  | Lost mutation: Your mind is acute. (Int +2) [potion of mutation]
 37858 | Abyss:1  | Lost mutation: Your body sometimes deteriorates upon taking damage. [potion of mutation]
 37858 | Abyss:1  | Gained mutation: You tend to lose your temper in combat. [potion of mutation]
 37858 | Abyss:1  | Gained mutation: You are dopey. (Int -2) [potion of mutation]
 37858 | Abyss:1  | Gained mutation: You are resistant to hostile enchantments. (MR+) [potion of mutation]
 37859 | Abyss:1  | Lost mutation: You tend to lose your temper in combat. [potion of mutation]
 37859 | Abyss:1  | Lost mutation: You are dopey. (Int -2) [potion of mutation]
 37859 | Abyss:1  | Gained mutation: Your system is resistant to poisons. (rPois) [potion of mutation]
 37859 | Abyss:1  | Gained mutation: Scrolls take you a little longer to read. [potion of mutation]
 37859 | Abyss:1  | Gained mutation: Your spells are a little harder to cast, but a little more powerful. [potion of mutation]
 37859 | Abyss:1  | Gained mutation: Your flesh is heat resistant. (rF+) [potion of mutation]
 37860 | Abyss:1  | Lost mutation: Scrolls take you a little longer to read. [potion of mutation]
 37860 | Abyss:1  | Lost mutation: You are resistant to hostile enchantments. (MR+) [potion of mutation]
 37860 | Abyss:1  | Lost mutation: Your flesh is heat resistant. (rF+) [potion of mutation]
 37860 | Abyss:1  | Lost mutation: Your system is resistant to poisons. (rPois) [potion of mutation]
 37860 | Abyss:1  | Lost mutation: Your spells are a little harder to cast, but a little more powerful. [potion of mutation]
 37860 | Abyss:1  | Gained mutation: You are partially covered in yellow scales. (AC +2) [potion of mutation]
 37860 | Abyss:1  | Gained mutation: You are clumsy. (Dex -2) [potion of mutation]
 37860 | Abyss:1  | Gained mutation: Your flesh is cold resistant. (rC+) [potion of mutation]
 37880 | Abyss:1  | Reached skill level 14 in Stealth
 38228 | Abyss:1  | Found a shimmering altar of Xom.
 38228 | Abyss:1  | Found a corrupted altar of Lugonu.
 38363 | Abyss:1  | Reached skill level 15 in Stealth
 38564 | Abyss:2  | Found a shimmering altar of Xom.
 38825 | Abyss:2  | Reached XP level 25. HP: 145/145 MP: 34/37
 38857 | Abyss:2  | Reached skill level 16 in Stealth
 39006 | Abyss:3  | Reached skill level 17 in Stealth
 39017 | Abyss:3  | Found a glowing golden altar of the Shining One.
 39034 | Abyss:3  | Noticed a juggernaut
 39043 | Abyss:3  | Killed a juggernaut
 39046 | Abyss:3  | Got an abyssal rune of Zot
 39084 | Abyss:3  | Reached skill level 18 in Stealth
 39221 | Depths:4 | Escaped the Abyss
 39332 | Zot:1    | Entered Level 1 of the Realm of Zot
 39358 | Zot:1    | Reached skill level 19 in Stealth
 39427 | Zot:3    | Noticed a Killer Klown
 39437 | Zot:3    | Killed a Killer Klown
 39437 | Zot:3    | Reached skill level 18 in Fighting
 39487 | Zot:5    | Entered Level 5 of the Realm of Zot
 39514 | Zot:5    | Reached skill level 5 in Conjurations
 39551 | Zot:5    | Reached skill level 6 in Conjurations
 39712 | Zot:5    | Reached skill level 7 in Conjurations
 39824 | Zot:5    | Noticed an orb of fire
 39833 | Zot:5    | Noticed an ancient lich
 39841 | Zot:5    | Killed an ancient lich
 39863 | Zot:5    | Killed an orb of fire
 39863 | Zot:5    | Reached skill level 14 in Transmutations
 39924 | Zot:5    | Noticed an ancient lich
 39939 | Zot:5    | Killed an ancient lich
 39939 | Zot:5    | Reached skill level 8 in Conjurations
 39958 | Zot:5    | Noticed a Killer Klown
 39967 | Zot:5    | Killed a Killer Klown
 39999 | Zot:5    | Noticed a Killer Klown
 40020 | Zot:5    | Killed a Killer Klown
 40050 | Zot:5    | Noticed an ancient lich
 40058 | Zot:5    | Killed an ancient lich
 40119 | Zot:5    | Noticed a Killer Klown
 40125 | Zot:5    | Learned a level 2 spell: Swiftness
 40127 | Zot:5    | Killed a Killer Klown
 40135 | Zot:5    | Reached skill level 13 in Earth Magic
 40148 | Zot:5    | Noticed an orb of fire
 40149 | Zot:5    | Gained mutation: Your spells are a little harder to cast, but a little more powerful. [an orb of fire]
 40151 | Zot:5    | Lost mutation: Your spells are a little harder to cast, but a little more powerful. [an orb of fire]
 40154 | Zot:5    | Gained mutation: You are weak. (Str -2) [an orb of fire]
 40157 | Zot:5    | Gained mutation: You are dopey. (Int -2) [an orb of fire]
 40158 | Zot:5    | Killed an orb of fire
 40158 | Zot:5    | Reached skill level 15 in Transmutations
 40159 | Zot:5    | Lost mutation: You are clumsy. (Dex -2) [potion of mutation]
 40159 | Zot:5    | Lost mutation: You are partially covered in yellow scales. (AC +2) [potion of mutation]
 40159 | Zot:5    | Lost mutation: Your flesh is cold resistant. (rC+) [potion of mutation]
 40159 | Zot:5    | Gained mutation: Your flesh is cold resistant. (rC+) [potion of mutation]
 40159 | Zot:5    | Gained mutation: You are agile. (Dex +2) [potion of mutation]
 40285 | Zot:5    | Noticed an orb of fire
 40291 | Zot:5    | Killed an orb of fire
 40296 | Zot:5    | Reached skill level 14 in Earth Magic
 40363 | Zot:5    | Got the Orb of Zot
 40445 | Zot:5    | Noticed Utemohe the pandemonium lord
 40450 | Zot:4    | Killed from afar by Utemohe the pandemonium lord

Skill      XL: |  1  2  3  4  5  6  7  8  9 10 11 12 13 14 15 16 17 18 19 20 21 22 23 24 25 |
---------------+----------------------------------------------------------------------------+-----
Fighting       | 3 5 6 8 10 11 12 13 15 17 18 | 18.0
Dodging        | 4 6 8 9 10 11 12 13 17 | 17.4
Stealth        | 7 12 15 19 | 19.0
Evocations     | 1 4 9 |  9.5
Long Blades    | 2 6 |  6.5
Transmutations | 6 8 11 12 13 15 | 15.8
Earth Magic    | 5 9 11 12 14 | 14.0
Spellcasting   | 3 5 6 7 8 10 | 10.0
Unarmed Combat | 7 10 14 15 17 18 20 21 22 | 22.5
Hexes          | 2 |  2.0
Translocations | 2 6 8 |  8.8
Conjurations   | 4 8 |  8.3
Necromancy     | 2 |  2.0
Short Blades   | |  2.0
Throwing       | |  2.0

Action                   |  1- 3 |  4- 6 |  7- 9 | 10-12 | 13-15 | 16-18 | 19-21 | 22-24 | 25-27 || total
-------------------------+-------+-------+-------+-------+-------+-------+-------+-------+-------++-------
Melee: Dagger            |    68 |    27 |   438 |   375 |   648 |    22 |     4 |     7 |       ||  1589
       Constrict         |    11 |     3 |    89 |    61 |    89 |   150 |    90 |    78 |    35 ||   606
       Tentacles         |     8 |       |    76 |    72 |   166 |   150 |   152 |   162 |    49 ||   835
       Punch             |       |       |       |       |    25 |    92 |   112 |   139 |    55 ||   423
       Unarmed           |       |       |       |       |   212 |   862 |   763 |   817 |   345 ||  2999
 Fire: Blowgun           |     7 |       |    39 |    60 |    55 |    34 |       |       |       ||   195
Throw: Stone             |       |       |     3 |     3 |     5 |     3 |       |       |       ||    14
       Tomahawk          |       |       |       |       |       |    29 |       |       |       ||    29
       Javelin           |       |       |       |       |       |     2 |    20 |     9 |    18 ||    49
       Throwing net      |       |       |       |       |       |     1 |       |       |       ||     1
 Cast: Statue Form       |       |       |       |       |    38 |    82 |    64 |    68 |    24 ||   276
       Irradiate         |       |       |       |       |     4 |    28 |    40 |    19 |     8 ||    99
       Hydra Form        |       |       |       |       |     4 |     2 |     2 |       |       ||     8
       Stone Arrow       |       |       |       |       |       |     5 |       |       |       ||     5
       Passwall          |       |       |       |       |       |    11 |    10 |    16 |     1 ||    38
       Apportation       |       |       |       |       |       |    30 |    21 |    23 |    12 ||    86
       Lesser Beckoning  |       |       |       |       |       |       |    28 |    23 |     7 ||    58
Invok: Sacrifice Love    |       |     1 |       |       |       |       |       |       |       ||     1
       Sacrifice Experie |       |       |     1 |       |       |       |       |       |       ||     1
       Sacrifice Purity  |       |       |     1 |       |       |       |       |       |       ||     1
       Sacrifice a Hand  |       |       |     1 |       |       |       |       |       |       ||     1
       Power Leap        |       |       |       |     1 |    44 |    26 |    35 |     9 |     2 ||   117
       Apocalypse        |       |       |       |     1 |     1 |     1 |       |     1 |       ||     4
       Draw Out Power    |       |       |       |       |     1 |     2 |     1 |     1 |       ||     5
 Abil: End Transformatio |       |       |       |       |     1 |     2 |     1 |     1 |     1 ||     6
       Evoke Flight      |       |       |       |       |       |    35 |       |     3 |       ||    38
       Evoke Blink       |       |       |       |       |       |     1 |       |     2 |       ||     3
       Stop Flying       |       |       |       |       |       |     2 |       |       |       ||     2
Evoke: Wand              |       |       |     1 |    27 |    27 |    12 |     6 |     9 |     6 ||    88
  Use: Scroll            |     1 |       |    15 |     8 |    14 |    19 |     2 |    11 |     8 ||    78
       Potion            |       |       |     2 |     2 |    10 |    10 |     2 |     8 |     6 ||    40
 Stab: Sleeping          |    13 |     6 |    28 |    26 |    23 |    26 |     8 |    13 |     2 ||   145
       Distracted        |       |       |     2 |     1 |    12 |     7 |     8 |    15 |     3 ||    48
       Invisible         |       |       |     1 |     3 |    11 |    13 |     7 |     8 |     2 ||    45
       Paralysed         |       |       |       |    10 |     8 |     3 |     4 |       |       ||    25
       Confused          |       |       |       |       |     2 |       |       |       |       ||     2
  Eat: Chunk             |       |     2 |    17 |     8 |    33 |    27 |    34 |    19 |     1 ||   141
       Royal jelly       |       |       |     1 |     2 |     4 |     6 |     1 |     4 |     1 ||    19
       Bread ration      |       |       |       |     1 |       |     5 |     2 |     3 |       ||    11
       Meat ration       |       |       |       |       |     1 |     2 |     1 |     2 |     3 ||     9
       Fruit             |       |       |       |       |       |     7 |       |     1 |       ||     8
Armor: Skin              |     8 |     4 |    38 |    17 |   345 |   638 |   325 |   304 |   106 ||  1785
Dodge: Dodged            |    32 |    13 |   247 |   167 |   695 |  1004 |   626 |   700 |   366 ||  3850

Table legend:
 A = Turns spent in this place as a percentage of turns spent in the entire game.
 B = Non-inter-level travel turns spent in this place as a percentage of non-inter-level travel turns spent in the entire game.
 C = Inter-level travel turns spent in this place as a percentage of turns spent in this place.
 D = Turns resting spent in this place as a percentage of non-inter-level travel turns spent in this place.
 E = Turns spent auto-exploring this place as a percentage of non-inter-level travel turns spent in this place.
 F = Non-inter-level travel turns spent in this place divided by the number of levels of this place that you've seen.
                   A       B       C       D       E      F
               +-------+-------+-------+-------+-------+----------------------
         Total | 100.0 | 100.0 |   0.6 |   1.0 |   0.0 | 626.2
       Dungeon |  28.9 |  28.8 |   0.8 |   0.4 |   0.0 | 589.7
          Lair |  13.8 |  13.8 |   0.9 |   0.5 |   0.0 | 706.2
        Shoals |   7.9 |   7.9 |   0.3 |   1.2 |   0.0 | 608.8
   Spider Nest |   9.6 |   9.6 |   0.5 |   2.0 |   0.0 | 739.0
  Orcish Mines |   5.1 |   5.1 |   1.3 |   1.9 |   0.0 | 776.0
        Vaults |  11.4 |  11.5 |   0.5 |   0.8 |   0.0 | 879.2
        Depths |  14.4 |  14.4 |   0.5 |   1.4 |   0.0 | 882.8
           Zot |   2.7 |   2.7 |   0.0 |   4.9 |   0.0 | 165.8
         Abyss |   5.4 |   5.4 |   0.0 |   0.9 |   0.0 | 556.7
        Wizlab |   0.7 |   0.7 |   0.0 |   0.0 |   0.0 | 229.0
               +-------+-------+-------+-------+-------+----------------------

Table legend:
 A = Kills in this place as a percentage of kills in entire the game.
 B = Kills by you in this place as a percentage of kills by you in the entire game.
 C = Kills by friends in this place as a percentage of kills by friends in the entire game.
 D = Other kills in this place as a percentage of other kills in the entire game.
 E = Experience gained in this place as a percentage of experience gained in the entire game.
 F = Experience gained in this place divided by the number of levels of this place that you have seen.
                   A       B       C       D       E      F
               +-------+-------+-------+-------+-------+----------------------
         Total | 100.0 | 100.0 |  -nan | 100.0 | 100.0 | 24408.7
       Dungeon |  21.5 |  21.6 |  -nan |  14.3 |   4.7 | 3771.9
          Lair |   8.5 |   8.4 |  -nan |  11.9 |   4.5 | 9038.7
        Shoals |   7.6 |   7.5 |  -nan |  11.9 |   6.5 | 19323.5
   Spider Nest |  11.8 |  11.8 |  -nan |  11.9 |   8.0 | 23919.5
  Orcish Mines |   5.2 |   5.2 |  -nan |   4.8 |   1.8 | 10905.0
        Vaults |  16.0 |  16.0 |  -nan |  16.7 |  17.5 | 52247.8
        Depths |  16.7 |  16.6 |  -nan |  21.4 |  33.0 | 79010.4
           Zot |   3.7 |   3.7 |  -nan |   2.4 |  15.3 | 36690.4
         Abyss |   7.7 |   7.8 |  -nan |   2.4 |   7.2 | 28809.3
        Wizlab |   1.5 |   1.5 |  -nan |   2.4 |   1.4 | 16513.0
               +-------+-------+-------+-------+-------+----------------------

Vault maps used:
D:1:      dpeg_arrival_radiant
D:2:      nicolae_ru_sacrificial_ziggurat, tgw_xom, first_bread, uniq_natasha,
          uniq_crazy_yiuf_cottage
D:3:      grunt_qazlal_sundering, uniq_sigmund, uniq_terence
D:4:      lemuel_crystal_altar, vehumet_altar_wand_db, serial_shops, shop,
          elyvilon_altar_4, uniq_menkaure
D:5:      minmay_temple_entry_grid, serial_shops, shop_fountains
D:6:      serial_shops, shop, shop_statue, nicolae_shop_waterfront,
          nicolae_shop_behind_doors, uniq_edmund
D:7:      the_bakery, small_statue_intersection
D:8:      minmay_gate_of_8, nicolae_overflow_crystal_walls, serial_shops, shop,
          nicolae_shop_stone
D:9:      lemuel_coloured_pillars_altar, grunt_dithmenos_shadows
D:10:     lair_entry_dummy, minmay_fire_ice_demons
D:11:     uniq_erica, uniq_erolcha, uniq_maurice
D:12:     orc_0_dummy, serial_shops, shop_fountains, basic_altar
D:14:     grunt_vaults_entry_tiered, serial_bayou_pond_b, hangedman_incinerator
D:15:     grunt_enter_depths_magical_seal, enter_trove_1, fedhas_altar_1,
          minmay_hedge_maze
Lair:2:   infiniplex_staircase_pool
Lair:3:   nicolae_spider_entry_orb_guardian, portal_ice_cave_entry_imps
Lair:4:   minmay_shoals_entry_centaurs, uniq_kirke, uniq_nessos, uniq_josephine
Lair:5:   minmay_slime_entry_eyes, grunt_megastairs_4, lemuel_fruit_tree
Lair:6:   gammafunk_lair_ancient_temple
Shoals:1: serial_shops, nicolae_shop_trees, nicolae_shoals_loop_pool
Shoals:4: shoals_end_grunt_ice, shoals_ilsuiw_ice, uniq_polyphemus
Spider:1: spider_trap, nicolae_spider_webbed_stairs
Spider:2: spider_trap, nicolae_orb_stairs
Spider:4: floodkiller_spider_rune_tomb, spider_trap, uniq_roxanne
Orc:2:    st_orc_ogre_mass
Vaults:1: hangedman_vaults_stretched_pinwheel, nicolae_vaults_angled_halls,
          ontoclasm_vaults_ring_square, vaults_room_door_ring,
          nicolae_vaults_theta, vaults_room_corners, hangedman_vaults_cutoff,
          ontoclasm_vaults_shout, vaults_mumra_hex, ontoclasm_vaults_fault,
          vaults_dpeg_encased_lava, vaults_dpeg_hooks, serial_shops, shop
Vaults:2: v_alt_pattern_4, vaults_room_mumra_shop_pool, v_misc_5, v_misc_12,
          ontoclasm_vaults_loading_screen, ontoclasm_vaults_decontamination,
          vaults_room_grid, hangedman_vaults_maws, dpeg_vaults_monster_row,
          vaults_room_grunt_arrival_ludios, uniq_jory, uniq_jorgrun
Vaults:3: nicolae_vaults_big_ls, vaults_mumra_chevron_long,
          vaults_standard_mumra_enter_the_diamond, st_eye,
          nicolae_vaults_network_periphery, minmay_crypt_entry_necro_gods,
          v_rooms_5, vaults_room_grid, nicolae_vaults_little_squares_2,
          v_pattern_3, nicolae_vaults_mini_display_case, vaults_room_semicircle,
          vaults_dpeg_ring, ontoclasm_vaults_gateway, serial_shops,
          nicolae_shop_waterfront, uniq_saint_roka
Vaults:4: hangedman_vaults_maws, hangedman_vaults_stretched_pinwheel,
          vaults_dpeg_cross, nicolae_vaults_twisting_passages, vaults_room_pool,
          vaults_room_corners, serial_ice_h, uniq_boris
Depths:1: minmay_misc_feat_x, hell_entry, grunt_decor_one_mirror, tso_altar,
          grunt_megastairs_3, uniq_nikola
Depths:2: lemuel_traditional_vault, hangedman_coc_ice_floe,
          hangedman_decor_lopped, abyss_entry, firewood_loft,
          infiniplex_staircase_spiral_double
Depths:3: hangedman_slaughterboxes, pan_entry, hell_entry, uniq_frederick,
          uniq_mara, uniq_margery
Depths:4: minmay_octo_star, fountainhead, abyss_entry, serial_glass,
          glass_columns_c, glass_columns_b, hell_entry, spider_trap
Depths:5: grunt_zot_entry_hairpin, enter_ziggurat_d, mu_enter_wizlab_4,
          hangedman_abyss_or_decor_passed, hell_entry, serial_shops,
          nicolae_shop_behind_doors, minmay_checkered_concentric_circles
Zot:3:    kennysheep_ambush_hall
Zot:4:    grunt_ministairs_7
Abyss:3:  hangedman_abyss_sting, evilmike_abyss_rune_tso_outpost
WizLab:   wizlab_zonguldrok
